Unix NetHack Version 3.7.0-87 Work-in-progress - last build Jul 6 2023 03:31:47 (95ed96c5f904f8c939670f77da02ce65a080bf33,branch:master). Game began 2023-07-15 09:54:41, ended 2023-07-16 21:23:45. stenno, lawful female human Knight A --------- A|.......| |..%..D.| ----- aA|...@#..| |... |..%@.@.| ------- --..--------- |a |#.#....| | -.......- --...|%......| |. ----%---- .| -.........---.).)|%.)....| |..a..%A@@....| ...%$......-...%.-..._...| ---....%%.$.--- -.....'...---....|.......| -----a----- --..%....-- --...|.......| a... @ ----%---- --..--------- .@. -------%/%------ |... .%. |....)%%%.'....| ----- ..). --....)%%.......| ... --...%%.....%)...| ----%----........%.......| ....%%.%.0.0.............| ------------------------- Stenno the Paladin St:25 Dx:17 Co:18 In:13 Wi:18 Ch:18 Lawful Astral Plane $:741 HP:188(268) Pw:258(258) AC:-20 Exp:30 T:27053 Latest messages: The fire ant bites the soldier ant. The fire ant misses the soldier ant. The soldier ant misses the fire ant. The soldier ant stings the fire ant. The fire ant is killed! The magic missile hits the priestess of Moloch! The magic missile misses the Angel of Brigit. The magic missile whizzes by you! The magic missile hits the invisible high priest! The priestess of Moloch casts a spell! The invisible high priest swings his mace at the giant beetle. The invisible high priest hits the giant beetle. The invisible high priest hits the giant beetle. You caitiff! You kill the giant beetle! P - a potion of blindness. T - a ring of invisibility. The soldier ant misses the Angel of Brigit. The soldier ant misses the Angel of Brigit. The green dragon misses Gregg the Knight. The green dragon misses Gregg the Knight. The green dragon misses Gregg the Knight. The green dragon turns to flee. The green dragon breathes poison gas! The blast of poison gas hits the invisible high priest of Lugh. The blast of poison gas bounces! The priestess of Manannan Mac Lir swings her mace at the soldier ant. The priestess of Manannan Mac Lir hits the soldier ant. Your displaced image doesn't fool the invisible high priest of Lugh! The invisible high priest of Lugh swings his mace. The invisible high priest of Lugh hits! The invisible high priest of Lugh kicks! The invisible high priest of Lugh casts a spell at you! You feel momentarily dizzy. The invisible high priest of Lugh points at you, then curses. The invisible high priest of Lugh swings his mace. The invisible high priest of Lugh hits! The invisible high priest of Lugh kicks! The invisible high priest of Lugh points at you, then curses. The invisible high priest of Lugh points all around, then curses. The invisible high priest of Lugh coughs! You hear a rumbling noise. There is a high altar to Lugh (lawful) here. What do you want to sacrifice? [z or ?*] z You offer the Amulet of Yendor to Lugh... An invisible choir sings, and you are bathed in radiance... The voice of Lugh booms out: "Mortal, thou hast done well!" "In return for thy service, I grant thee the gift of Immortality!" You ascend to the status of Demigoddess... Do you want your possessions identified? [ynq] (y) q Inventory: Coins $ - 741 gold pieces Amulets r - a blessed amulet of reflection (being worn) Weapons f - the blessed rustproof +7 Excalibur (weapon in hand) Armor F - an uncursed rusty very corroded +0 dwarvish iron helm (being worn) p - an uncursed rusty +0 pair of gauntlets of power (being worn) g - a blessed greased fireproof +1 pair of water walking boots (being worn) e - a blessed +4 small shield (being worn) w - an uncursed very burnt +5 cloak of displacement (being worn) v - a blessed +4 Hawaiian shirt with a flamingo motif (being worn) G - an uncursed +0 blue dragon scale mail (being worn) Comestibles K - an uncursed partly eaten food ration Z - 3 cursed K-rations Y - an uncursed lizard corpse Spellbooks y - the uncursed Book of the Dead Potions P - a cursed potion of blindness M - an uncursed potion of full healing Rings X - an uncursed ring of conflict (on left hand) B - an uncursed ring of free action (on right hand) a - a cursed ring of invisibility T - a cursed ring of invisibility l - an uncursed ring of levitation Wands t - an uncursed wand of cancellation (0:3) i - an uncursed wand of create monster (0:11) L - an uncursed wand of death (0:3) I - an uncursed wand of death (0:0) N - an uncursed wand of digging (0:4) O - an uncursed wand of digging (0:5) d - an uncursed wand of digging (0:4) W - an uncursed wand of light (0:14) m - an uncursed wand of magic missile (0:4) A - an uncursed wand of striking (0:5) C - an uncursed wand of striking (0:3) n - an uncursed wand of teleportation (0:7) S - an uncursed wand of teleportation (0:3) q - an uncursed wand of teleportation (0:2) j - an uncursed wand of undead turning (0:5) J - an uncursed wand of wishing (1:0) Tools h - a blessed greased bag of holding containing 80 items V - the uncursed Bell of Opening (0:2) D - the uncursed Candelabrum of Invocation (7 of 7 candles, lit) Q - an uncursed magic marker (0:49) U - the blessed Magic Mirror of Merlin k - an uncursed skeleton key s - an uncursed skeleton key c - an uncursed stethoscope b - an uncursed towel u - a blessed +0 unicorn horn Gems/Stones o - an uncursed luckstone R - a blessed touchstone Contents of the bag of holding: 1252 gold pieces an uncursed amulet of flying a cursed -1 pair of levitation boots an uncursed +0 pair of speed boots 4 uncursed apples an uncursed C-ration 3 uncursed carrots an uncursed food ration 12 uncursed K-rations an uncursed lembas wafer an uncursed tripe ration 9 blessed scrolls of blank paper 17 uncursed scrolls of blank paper a cursed scroll of blank paper a blessed scroll of charging a blessed scroll of confuse monster an uncursed scroll of confuse monster an uncursed scroll of create monster an uncursed scroll of enchant armor an uncursed scroll of identify a cursed scroll of identify a cursed scroll of identify an uncursed scroll of identify an uncursed scroll of light 2 uncursed scrolls of remove curse an uncursed scroll of teleportation a cursed scroll of teleportation an uncursed potion of hallucination 2 uncursed potions of fruit juice a blessed potion of full healing an uncursed potion of full healing 6 potions of holy water 3 potions of unholy water 2 uncursed potions of water an uncursed ring of sustain ability an uncursed ring of regeneration an uncursed ring of cold resistance an uncursed ring of cold resistance an uncursed ring of conflict an uncursed ring of conflict an uncursed ring of fire resistance an uncursed ring of free action an uncursed ring of poison resistance an uncursed ring of searching an uncursed ring of shock resistance an uncursed ring of slow digestion an uncursed ring of slow digestion an uncursed ring of teleport control an uncursed ring of teleport control an uncursed ring of teleport control an uncursed ring of teleportation an uncursed ring of teleportation an uncursed wand of cancellation (0:0) an uncursed wand of death (0:2) an uncursed wand of digging (0:3) an uncursed wand of digging (0:6) an uncursed wand of digging (0:2) an uncursed wand of digging (0:4) an uncursed wand of digging (0:5) an uncursed wand of digging (0:8) an uncursed wand of digging (0:5) an uncursed wand of digging (0:5) an uncursed wand of fire (0:5) an uncursed wand of fire (0:7) an uncursed wand of fire (0:5) an uncursed wand of opening (0:7) a blessed wand of polymorph (5:1) an uncursed wand of secret door detection (0:15) an uncursed wand of sleep (0:6) an uncursed wand of striking (0:4) an uncursed wand of striking (0:2) an uncursed wand of teleportation (0:1) an uncursed bugle an uncursed tin whistle an uncursed magic marker (1:3) an uncursed mirror an uncursed oil lamp an uncursed +0 pick-axe an uncursed skeleton key an uncursed skeleton key Stenno the Knight's attributes: Background: You were a Paladin, a level 30 female human Knight. You were lawful, on a mission for Lugh who was opposed by Brigit (neutral) and Manannan Mac Lir (chaotic). You were in the endgame, on the Astral Plane. You entered the dungeon 27053 turns ago. You had 100016046 experience points. Basics: You had 188 out of 268 hit points. You had all 258 energy points (spell power). Your armor class was -20. Your wallet contained 741 zorkmids, and you had 1252 more stashed away in your pack. Autopickup was on for '$/=?!' plus thrown. Final Characteristics: Your strength was 25 (base:18/13, innate limit:18/100). Your dexterity was 17 (limit:18). Your constitution was 18 (limit:18). Your intelligence was 13 (limit:18). Your wisdom was 18 (limit:18). Your charisma was 18 (limit:18). Final Status: You were not hungry. You were unencumbered. You were wielding a long sword. You had expert skill with long sword. Final Attributes: You were piously aligned. You were magic-protected. You were fire resistant. You were cold resistant. You were sleep resistant. You were shock resistant. Your items were protected from electric shocks. You were poison resistant. You were level-drain resistant. You saw invisible. You were telepathic. You had automatic searching. You were displaced. You caused conflict. You could jump. You could walk on water. You had a small defense bonus (+5). You were warded. You were very fast. You had reflection. You had free action. You were extremely lucky. You had extra luck. Bad luck did not time out for you. Good luck did not time out for you. You survived. Miscellaneous: You disabled loading of bones levels. Total elapsed playing time was 7 hours, 23 minutes and 40 seconds. Major events: Turn 1: stenno the lawful female human Knight entered the dungeon 1640: attained the rank of Esquire (level 3) 1689: entered the Gnomish Mines 3053: attained the rank of Bachelor (level 6) 3550: endured an absurd aquatic ceremony, and now wields Excalibur 5858: entered Sokoban 6059: completed 1st Sokoban level 6395: completed 2nd Sokoban level 6593: completed 3rd Sokoban level 7033: completed 4th Sokoban level 7341: attained the rank of Sergeant (level 10) 7360: acquired the Sokoban bag of holding 8283: entered the Bigroom 14307: made her first wish - "blessed amulet of reflection", got "an oval amulet" 14341: wished for "blessed greased fixed +3 gray dragon scale mail", got "a greased gray dragon scale mail" 14725: entered Gehennom 14732: performed her first genocide (class L) 16979: acquired the Mines' End luckstone 18063: attained the rank of Knight (level 14) 18578: killed Ixoth 18578: found the Magic Mirror of Merlin carried by a monster 18629: acquired the Bell of Opening 20104: wished for "blessed greased fixed +3 boots of water walking", got "a greased pair of hiking boots" 22278: destroyed Vlad the Impaler 22279: acquired the Candelabrum of Invocation 22581: killed the invisible Orcus 22677: attained the rank of Banneret (level 18) 22874: attained the rank of Chevaliere (level 22) 23616: killed the Wizard of Yendor 23621: acquired the Book of the Dead 23649: performed the invocation 23776: killed the high priest of Moloch 23778: acquired The Amulet of Yendor 24858: killed Juiblex 24868: killed the invisible Asmodeus 25292: wished for "magic marker", got "a magic marker" 25489: killed the Wizard of Yendor (2nd time) 25684: killed Medusa 25880: attained the rank of Dame (level 26) 26057: killed the Wizard of Yendor (3rd time) 26489: attained the rank of Paladin (level 30) 26508: wished for "magic marker", got "a magic marker" 26521: entered the Elemental Planes 26521: entered Plane of Earth 26612: entered Plane of Air 26674: entered Plane of Fire 26687: entered Plane of Water 26690: genocided class ; 26816: entered the Astral Plane 26853: Death has been killed 26858: the invisible Famine has been killed 26863: Death has been killed (2nd time) 26877: killed the invisible Famine (2nd time) 26890: the invisible Famine has been killed (3rd time) 26942: the invisible Famine has been killed (5th time) 26984: found Fire Brand carried by a monster 27009: the invisible Death has been killed (3rd time) 27043: found Giantslayer carried by a monster 27053: ascended Vanquished creatures: Asmodeus Orcus Juiblex the Wizard of Yendor (4 times) Death (thrice) Famine (9 times) Vlad the Impaler a high cleric 2 mastodons Medusa 12 krakens an iron golem a master lich a ki-rin 3 storm giants a titan 2 glass golems 6 purple worms 2 gray dragons a gold dragon 4 silver dragons 2 red dragons 3 white dragons 3 orange dragons 5 black dragons 5 blue dragons a green dragon 22 minotaurs 3 jabberwocks Ixoth 4 baluchitheria 17 Angels 5 stone golems 3 master mind flayers 5 Olog-hai 2 Nazgul 8 pit fiends 2 sandestins a hell hound 3 displacer beasts 6 titanotheres 4 trappers a baby red dragon a guardian naga a genetic engineer 28 vampire leaders 3 skeletons 19 aligned clerics 4 captains 5 shades 3 liches a clay golem 6 nurses 3 ice devils a nalfeshnee 5 lurkers above an Aleax 2 frost giants 4 ettins 6 black puddings 28 vampires 9 lieutenants 29 ghosts a cleric a tourist a queen bee 5 winged gargoyles 6 giant mimics 6 long worms 6 zruties 2 fire giants 10 ogre tyrants 10 ice trolls 8 rock trolls 7 umber hulks 3 flesh golems 6 elven monarchs 5 doppelgangers 3 hezrous 7 bone devils 3 large mimics 4 wumpuses 2 fire vortices 5 stalkers 9 air elementals 5 fire elementals 6 earth elementals 9 water elementals 4 hill giants 3 giant mummies a black naga 2 xorns 13 giant zombies 12 elf-nobles 23 sergeants a water demon 4 barbed devils 6 vrocks a salamander 10 wargs 2 winter wolves a hell hound pup 10 small mimics 2 glass piercers 5 warhorses 6 steam vortices 7 xans 4 ettin mummies 4 ogre leaders 7 quantum mechanics 30 trolls 3 wood golems a marilith 2 djinn 7 sharks 8 electric eels 3 gelatinous cubes 2 pyrolisks 2 large dogs 3 freezing spheres 6 flaming spheres 4 shocking spheres 5 tigers 4 gargoyles a dwarf ruler a tengu 14 ochre jellies 6 leocrottas 7 energy vortices 9 mountain centaurs a stone giant 2 elf mummies 4 human mummies 3 red nagas 2 pythons 2 pit vipers 4 cobras 67 wraiths 2 carnivorous apes 14 ettin zombies 5 leather golems 8 Grey-elves 104 soldiers 9 amorous demons 3 horned devils 4 chameleons 22 giant beetles 3 quivering blobs 8 cockatrices 4 wolves 10 winter wolf cubs 2 lynxes 3 panthers 9 gremlins 2 spotted jellies 4 leprechauns 12 orc-captains 4 iron piercers 4 mumakil 8 giant spiders 8 scorpions 4 horses 2 ice vortices 6 black lights 7 vampire bats 7 forest centaurs 3 gnome rulers 2 orc mummies 3 dwarf mummies 9 ogres 2 brown puddings 7 rust monsters 5 owlbears 2 yetis 2 werewolves a Green-elf 6 piranha 13 giant eels 8 lizards a chickatrice 3 dingoes 2 dogs 4 jaguars 2 dwarf leaders 2 gray unicorns a black unicorn 3 dust vortices 6 ravens 6 plains centaurs 5 gnome mummies 5 snakes 13 water moccasins 11 apes 27 human zombies a rope golem 13 Woodland-elves 10 soldier ants 10 fire ants 24 bugbears 3 imps 65 quasits 3 wood nymphs 6 water nymphs 5 mountain nymphs 3 Mordor orcs 20 Uruk-hai 10 orc shamans 4 rock piercers a rock mole 4 ponies 5 fog clouds 6 yellow lights 2 shriekers 3 violet fungi 20 gnome leaders 5 gnomish wizards 2 gray oozes 2 barrow wights 19 elf zombies 16 ghouls a straw golem 3 paper golems 4 jellyfish 22 giant ants 2 little dogs 4 floating eyes a kitten 9 dwarves 8 homunculi 3 kobold leaders 4 kobold shamans 30 hill orcs 14 rothes 2 centipedes 5 giant bats a monkey 22 orc zombies 10 dwarf zombies a wererat 7 iguanas 37 killer bees an acid blob a coyote 3 gas spores 3 hobbits 14 manes 32 hobgoblins 5 giant rats 2 cave spiders 4 green molds 60 gnomes 8 garter snakes 23 gnome zombies 3 geckos 20 jackals 2 foxes 2 kobolds 6 goblins 2 sewer rats 14 grid bugs 10 bats 6 lichens 21 kobold zombies 11 newts 1921 creatures vanquished. Genocided species: arch-liches krakens master liches demiliches liches sharks electric eels piranha giant eels jellyfish 10 species genocided. Voluntary challenges: You read items or engraved 130 times. You never engraved Elbereth. You genocided 10 types of monsters. You used 5 wishes. You did not wish for any artifacts. You did not violate any of the special Sokoban rules. Achievements: You entered a shop. You attained the rank of Esquire. You entered the Gnomish Mines. You attained the rank of Bachelor. You entered Sokoban. You attained the rank of Sergeant. You completed Sokoban. You entered the Big Room. You entered a temple. You learned the tune to open and close the Castle's drawbridge. You entered Gehennom. You completed the Gnomish Mines. You attained the rank of Knight. You had the Bell of Opening. You had the Candelabrum of Invocation. You attained the rank of Banneret. You attained the rank of Chevaliere. You had the Book of the Dead. You gained access to Moloch's Sanctum. You defeated Medusa. You attained the rank of Dame. You attained the rank of Paladin. You reached the Elemental Planes. You reached the Astral Plane. You delivered the Amulet of Yendor. You ascended! The Elemental Planes: Astral Plane: <- You are here. Some temples. Plane of Water: Plane of Fire: Plane of Air: Plane of Earth: The Dungeons of Doom: levels 1 to 29 Level 1: A grave. One way stairs up to The Elemental Planes. Level 2: "BIG SCROLL SHOP" A scroll shop. Level 3: A delicatessen, some fountains. Level 4: A sink. Stairs down to The Gnomish Mines. Level 5: A sink. Level 6: An armor shop, an altar to Lugh. Level 7: Level 8: Level 9: A fountain. Oracle of Delphi. Level 10: Stairs up to Sokoban, level 9. Level 11: A fountain. Level 12: A very big room. Level 13: Level 14: A grave. Level 15: "quest entry" A fountain, a sink, many graves. Portal to The Quest. Level 16: A temple to Lugh. Level 17: Some fountains. Level 18: A primitive area. Level 19: An altar. Level 20: Some altars to Lugh. Level 21: A temple. Level 22: An altar. Level 23: "current" A temple. Level 24: Level 25: A fountain. Level 26: Level 27: Level 28: Level 29: A fountain. The castle. Connection to Gehennom. Gehennom: levels 30 to 52 Level 30: A temple, many graves. Valley of the Dead. Level 31: Level 32: "asmo" Level 33: Level 34: Level 35: Level 36: Level 37: Level 38: Level 39: Level 40: Level 41: Some shops, an altar, some graves. Stairs up to Vlad's Tower, level 40. Level 42: A temple. Level 43: Level 44: Level 45: Level 46: Level 47: Level 48: "entry" Level 49: Level 50: Level 51: Level 52: A temple, many graves. Moloch's Sanctum. The Gnomish Mines: levels 5 to 12 Level 5: Level 6: Level 7: An altar to Lugh, some fountains. Level 8: Level 9: Level 10: Level 11: Level 12: The Quest: levels 1 to 6 Level 1: Completed quest for King Arthur. Level 2: Level 3: A temple. Level 4: Level 5: Level 6: Sokoban: levels 9 up to 6 Level 6: Solved. Level 7: Solved. Level 8: Solved. Level 9: Solved. Vlad's Tower: levels 40 up to 38 Level 38: Level 39: Level 40: Fare thee well stenno the Demigoddess... You went to your reward with 1807264 points, Excalibur (worth 4000 zorkmids and 10000 points) The Book of the Dead (worth 10000 zorkmids and 25000 points) The Candelabrum of Invocation (worth 5000 zorkmids and 12500 points) The Magic Mirror of Merlin (worth 1500 zorkmids and 3750 points) The Bell of Opening (worth 5000 zorkmids and 12500 points) and 1993 pieces of gold, after 27053 moves. You were level 30 with a maximum of 268 hit points when you ascended.